 Dungeon Crawl Stone Soup version 0.30.1-11-g7821555f0a (webtiles) character file.

Game seed: 357408911447168034

1026 karkarkar the Geomancer (level 8, -3/51 HPs)
             Began as a Gargoyle Earth Elementalist on Jan 14, 2024.
             Killed from afar by an orc wizard (7 damage)
             ... with a magic dart
             ... on level 4 of the Dungeon.
             The game lasted 00:13:56 (3338 turns).

karkarkar the Geomancer (GrEE)                      Turns: 3338, Time: 00:13:56

Health: -3/51      AC: 10    Str: 13    XL:     8   Next: 23%
Magic:  8/17       EV: 21    Int: 17    God:
Gold:   194        SH:  0    Dex: 10    Spells: 15/19 levels left

rFire   . . .        i - +0 demon trident (flame)
rCold   . . .        (no shield)
rNeg    + . .        j - +0 leather armour
rPois   ∞            (no helmet)
rElec   +            (no cloak)
rCorr   .            (no gloves)
SInv    .            s - +0 pair of boots
Will    .....        (no amulet)
Stlth   ++           l - +5 ring of evasion
HPRegen 0.28/turn    a - +5 ring of evasion
MPRegen 0.15/turn

%: no passive effects
@: no status effects
A: sickness immunity, AC +5, negative energy resistance 1, electricity
resistance, torment resistance 1, petrification resistance
a: no special abilities


You were on level 4 of the Dungeon.
You visited 1 branch of the dungeon, and saw 4 of its levels.

You collected 194 gold pieces.

Inventory:

Hand Weapons
 i - a +0 demon trident of flaming (weapon)
Missiles
 h - a poisoned dart
Armour
 j - a +0 leather armour (worn)
 s - a +0 pair of boots (worn)
Jewellery
 a - a +5 ring of evasion (right hand)
 l - a +5 ring of evasion (left hand)
 o - a +6 ring of strength
Wands
 w - a wand of digging (2)
Scrolls
 d - a scroll of teleportation
 e - a scroll of magic mapping {unknown}
 f - a scroll of fog
 k - 3 scrolls of enchant armour {unknown}
 m - a scroll of noise {unknown}
 n - a scroll of torment {unknown}
 p - 2 scrolls of blinking {unknown}
 q - a scroll of vulnerability {unknown}
 v - a scroll of poison {unknown}
Potions
 b - a potion of magic
 c - a potion of experience
 g - 2 potions of haste
 r - a potion of curing {unknown}
 t - 2 potions of lignification {unknown}
 u - a potion of might


   Skills:
 + Level 5.7 Fighting
 + Level 5.6 Polearms
 + Level 0.2 Throwing
 + Level 5.6 Armour
 - Level 1.8 Dodging
 - Level 2.2 Stealth
 + Level 0.1 Unarmed Combat
 + Level 6.3 Spellcasting
 * Level 6.2 Conjurations
 + Level 0.7 Transmutations
 + Level 8.1 Earth Magic


You had 15 spell levels left.
You knew the following spells:

 Your Spells              Type           Power      Damage    Failure   Level
a - Sandblast             Erth           64%        2d14      1%          1
b - Stone Arrow           Conj/Erth      58%        3d10      2%          3

Your spell library contained the following spells:

 Spells                   Type           Power      Damage    Failure   Level
 Passwall                 Tmut/Erth      16%        N/A       3%          2
 Petrify                  Tmut/Erth      20%        N/A       24%         4


Dungeon Overview and Level Annotations

Branches:
Dungeon (4/15)
 Temple: D:4-7

Altars:
Okawaru
Xom
Yredelemnul

Annotations:
D:2 Sigmund
D:4 1 exclusion


Innate Abilities, Weirdness & Mutations

You are immune to sickness and miasma.
Your stone body is resilient. (AC +5)
You are immune to poison.
You resist negative energy. (rN+)
You are resistant to electric shocks. (rElec)
You are resistant to unholy torment.
You are immune to petrification.


Message History

You miss something. Something barely misses you.
You barely miss something. Something hits you but does no damage.
Aiming: Sandblast (safe; 2% risk of failure)
Press: ? - help, Q - select action, (/) - cycle Shift-Dir - straight line The blast of sand hits something.
Something hits you but does no damage.
Unknown command.
Aiming: Sandblast (safe; 2% risk of failure)
Press: ? - help, Q - select action, (/) - cycle Shift-Dir - straight line Something hits you.
* * * LOW HITPOINT WARNING * * *
Something barely misses you.
Unknown command.
Aiming: Sandblast (safe; 2% risk of failure)
Press: ? - help, Q - select action, (/) - cycle Shift-Dir - straight line The blast of sand hits something.
Something hits you but does no damage.
Unknown command.
Aiming: Sandblast (safe; 2% risk of failure)
Press: ? - help, Q - select action, (/) - cycle Shift-Dir - straight line The blast of sand hits something.
Something hits you but does no damage.
You hear some strange, mumbled words.
A magic dart appears from out of thin air!
The magic dart hits you!
* * * LOW HITPOINT WARNING * * *
It was a potion of experience.
You feel more experienced!
Your Fighting skill gained 4 levels and is now at level 5!
Your Polearms skill gained 3 levels and is now at level 5!
Your Armour skill gained 4 levels and is now at level 5!
Your Spellcasting skill gained 2 levels and is now at level 6!
Your Conjurations skill gained 4 levels and is now at level 6!
Your Earth Magic skill gained 3 levels and is now at level 8!
You have reached level 8!
You feel stronger.
You hear some strange, mumbled words.
A magic dart appears from out of thin air!
The magic dart hits you!
You die...

....... #...... ....# #.
.#........# ...[###..
#.##.##..>)#.# ......#..
...........#.# .)....#..
.....##.#)...# #.....#.#
#......$#....# #..)..#.#
#.#).))...# #...).#.#
#.#{......# #....)#.#
#..@....>##
#.....#.###.#######.#......
#####...........# #.###########
#.#.#######.# #.# #......#
#.#....#..#.# #.# #.####.#
#.#....#..#.# #.# #)# #.#
#####.#....#..#.# #.# #.# #.#
......#....'..#.###.# #.####.#
.###.......#......#.####.#(...#


There were no monsters in sight!

Vanquished Creatures
  A gnoll sergeant (D:4)
  2 scorpions (D:4)
  A howler monkey (D:4)
  2 orc priests (D:4)
  An iguana (D:4)
  2 orc wizards (D:4)
  3 adders
  7 gnolls (D:4)
  A dart slug (D:2)
  5 orcs (D:4)
  4 ball pythons
  6 endoplasms
  4 giant cockroaches
  6 hobgoblins
  2 jackals (D:1)
  5 kobolds
  6 quokkas
  A ball python zombie (D:3)
  10 bats
  2 frilled lizards
  A giant cockroach zombie (D:3)
  7 goblins
  3 rats
82 creatures vanquished.

Notes
Turn   | Place    | Note
-------+----------+-------------------------------------------
     0 | D:1      | karkarkar the Gargoyle Earth Elementalist began the quest
                  | for the Orb.
     0 | D:1      | Reached XP level 1. HP: 10/10 MP: 3/3
   183 | D:1      | Reached XP level 2. HP: 15/15 MP: 0/5
   460 | D:1      | Reached skill level 4 in Earth Magic
   826 | D:2      | Reached XP level 3. HP: 19/19 MP: 4/6
   858 | D:2      | Noticed Sigmund
   911 | D:2      | Learned a level 3 spell: Stone Arrow
  1168 | D:2      | Reached XP level 4. HP: 24/24 MP: 6/8
  1269 | D:2      | Reached skill level 1 in Conjurations
  1967 | D:3      | Found an iron altar of Okawaru.
  2091 | D:3      | Found a shimmering altar of Xom.
  2099 | D:3      | Identified the +3 hand axe of Duimeodgh {speed, rC+}
  2149 | D:3      | Reached skill level 1 in Polearms
  2200 | D:3      | Found a basalt altar of Yredelemnul.
  2370 | D:4      | Noticed a gnoll sergeant
  2548 | D:4      | Killed a gnoll sergeant
  2549 | D:4      | Reached XP level 5. HP: 9/28 MP: 6/10
  2726 | D:4      | Reached skill level 5 in Earth Magic
  2726 | D:4      | Reached XP level 6. HP: 30/33 MP: 11/11
  2945 | D:4      | Noticed an ice beast
  3065 | D:4      | Reached skill level 1 in Fighting
  3181 | D:4      | Reached skill level 1 in Armour
  3288 | D:4      | Reached XP level 7. HP: 32/38 MP: 8/13
  3338 | D:4      | Reached skill level 5 in Fighting
  3338 | D:4      | Reached skill level 5 in Polearms
  3338 | D:4      | Reached skill level 5 in Armour
  3338 | D:4      | Reached skill level 8 in Earth Magic
  3338 | D:4      | Reached XP level 8. HP: 4/51 MP: 8/17
  3338 | D:4      | Killed from afar by an orc wizard

Illustrated notes

Levels and vault maps discovered:
D:1:      dpeg_arrival_stonehenge_8_columns, layout_rooms, serial_forest,
          infiniplex_forest_clump_curved, infiniplex_forest_clump_curved,
          infiniplex_forest_straight_2, infiniplex_forest_corner_1,
          infiniplex_forest_clump_diagonal, infiniplex_forest_lined_3,
          infiniplex_forest_straight_4, infiniplex_forest_fountain,
          infiniplex_forest_corner_2
D:2:      layout_loops_ring, nrook_loot_triangle, minmay_misc_feat_doors,
          minmay_pentomino_w2, uniq_sigmund
D:3:      layout_rooms, lemuel_zombie_altar_yredelemnul,
          mainiacjoe_overflow_brackets, lemuel_crystal_altar
D:4:      layout_basic, corexii_hall_statues_deadend, item_on_display_a

Skill      XL: |  1  2  3  4  5  6  7 |
---------------+----------------------+-----
Earth Magic    | 4 5 8 |  8.1
Conjurations   | 1 2 6 |  6.2
Spellcasting   | 3 4 6 |  6.3
Polearms       | 1 2 5 |  5.6
Fighting       | 1 5 |  5.7
Armour         | 1 5 |  5.6
Throwing       | |  0.2
Dodging        | |  1.8
Stealth        | |  2.2
Unarmed Combat | |  0.1
Transmutations | |  0.7

Action                     |  1- 3 |  4- 6 |  7- 9 || total
---------------------------+-------+-------+-------++-------
  Melee: Unarmed           |    26 |       |       ||    26
         Demon trident     |    15 |   101 |    24 ||   140
         Punch             |     1 |     2 |       ||     3
  Throw: Dart              |       |     3 |       ||     3
   Cast: Sandblast         |    42 |    33 |     8 ||    83
    Use: Scroll            |       |     7 |       ||     7
         Potion            |       |     1 |     1 ||     2
   Stab: Sleeping          |       |     1 |       ||     1
 Armour: Robe              |    11 |     1 |       ||    12
         Leather armour    |       |    24 |    14 ||    38
  Dodge: Dodged            |    40 |    74 |    19 ||   133
